 Dungeon Crawl Stone Soup version 0.25-a0-589-g1e14c549ee (webtiles) character file.

Game seed: 15361076026324330726, levelgen mode: deterministic

37 Lentor the Skirmisher (level 3, 0/29 HPs)
             Began as a Demonspawn Fighter on Mar 10, 2020.
             Splashed by a jelly's acid (2 damage)
             ... on level 1 of the Dungeon.
             The game lasted 00:01:28 (547 turns).

Lentor the Skirmisher (Demonspawn Fighter)           Turns: 547, Time: 00:01:29

Health: 0/29       AC:  2    Str: 17    XL:     3   Next: 21%
Magic:  3/3        EV:  7    Int:  9    God:
Gold:   61         SH:  9    Dex: 12    Spells: 2/2 levels left

rFire    . . .     SeeInvis .   a - +0 flail
rCold    . . .     Gourm    .   c - +0 kite shield
rNeg     . . .     Faith    .   b - +0 scale mail
rPois    .         Spirit   .   (no helmet)
rElec    .         Reflect  .   (no cloak)
rCorr    .         Harm     .   (no gloves)
MR       .....                  (no boots)
Stlth    ..........             (no amulet)
HPRegen  0.09/turn              (no ring)
MPRegen  0.08/turn              (no ring)

@: corroded
A: spiny 1
a: no special abilities


You were on level 1 of the Dungeon.
You were not hungry.

You visited 1 branch of the dungeon, and saw 1 of its levels.

You collected 61 gold pieces.

Inventory:

Hand Weapons
 a - a +0 flail (weapon)
Armour
 b - a +0 scale mail (worn)
 c - a +0 kite shield (worn)
Scrolls
 e - a scroll of blinking {unknown}
 i - a scroll of noise {unknown}
Potions
 d - a potion of might
 g - a potion of stabbing {unknown}
 h - a potion of cancellation {unknown}
Comestibles
 f - 2 rations


   Skills:
 + Level 3.2 Fighting
 * Level 2.3 Maces & Flails
 + Level 3.0 Armour
 + Level 0.3 Dodging
 + Level 3.1 Shields


You had 2 spell levels left.
You didn't know any spells.
Your spell library was empty.

Dungeon Overview and Level Annotations

Branches:
Dungeon (1/15)

Altars:


Innate Abilities, Weirdness & Mutations

You are partially covered in sharp spines.


Message History

You hit the rat.
The rat is heavily wounded.
The rat barely misses you.
You barely miss the rat.
The rat is heavily wounded.
The rat bites you but does no damage. The rat is struck by your spines.
You kill the rat!
The jelly is struck by your spines. The jelly hits you. The acid corrodes you!
You are splashed with acid.
The ooze hits you. The ooze is struck by your spines. The ooze hits you.
There is an open translucent door here.
You see here a rat corpse.
You see here a giant cockroach corpse.
You hit the jelly but do no damage.
Your hands burn!
The jelly is lightly wounded.
The jelly hits you.
You are splashed with acid!
* * * LOW HITPOINT WARNING * * *
You block the jelly's attack.
You sock the jelly!
Your hands burn!
You die...

.#####.(#....# #.#####.#......
.........(#### #.#####.#......
.#####..#..########.......#......
.#####..#.................#......
........#.###'#######+###(##.####
#######.#.#..⌠...>...⌠..#........
# #...#......<......#..######
#...'⌠....###....⌠+..#
#...#.....@.......#..#
#>..#######J#######..#
#######.#.#....JJJJJ....#..#
........#.#?....h.......#..#
..........#.............#..#
..........###############..#
........#..................#
........################...#
........# #####


You could see a jelly, 5 oozes and a jackal.

Vanquished Creatures
  2 leopard geckos (D:1)
  4 bats (D:1)
  6 giant cockroaches (D:1)
  2 goblins (D:1)
  2 hobgoblins (D:1)
  6 jackals (D:1)
  4 kobolds (D:1)
  3 rats (D:1)
29 creatures vanquished.

Notes
Turn   | Place    | Note
-------+----------+-------------------------------------------
     0 | D:1      | Lentor the Demonspawn Fighter began the quest for the Orb.
     0 | D:1      | Reached XP level 1. HP: 18/18 MP: 1/1
     1 | D:1      | Found a runed translucent door.
     4 | D:1      | Noticed a jelly
    78 | D:1      | Gained mutation: You are partially covered in sharp spines.
                  | [demonic ancestry]
    78 | D:1      | Reached XP level 2. HP: 22/24 MP: 2/2
   387 | D:1      | Reached XP level 3. HP: 29/29 MP: 3/3
   547 | D:1      | Splashed by a jelly's acid

Levels and vault maps discovered:
D:1:      dpeg_arrival_caged_fury, layout_basic

Skill      XL: |  1  2 |
---------------+-------+-----
Maces & Flails | 2 |  2.3
Armour         | 3 |  3.0
Shields        | 3 |  3.1
Fighting       | |  3.2
Dodging        | |  0.3

Action                   || total
-------------------------++-------
Melee: Flail             ||    94
Armor: Scale mail        ||    64
Dodge: Dodged            ||    40
Block: Kite shield       ||    56

Table legend:
 A = Non-vault XP
 B = Vault XP
 C = Vault XP percentage of total XP
 D = Non-vault monster count
 E = Vault monster count
 F = Vault count percentage of total count
                 A         B        C        D         E       F
            +---------+---------+-------+---------+---------+-------
      Total |      41 |      12 |  22.6 |      22 |       7 |  24.1
            +---------+---------+-------+---------+---------+-------
        D:1 |      41 |      12 |  22.6 |      22 |       7 |  24.1
            +---------+---------+-------+---------+---------+-------
